 Dungeon Sprint DCSS version 0.18.1-48-g4cf74bf (webtiles) character file.

386 tyranidshit the Fighter (level 6, -23/91 HPs)
             Began as a Demonspawn Abyssal Knight on Sept 10, 2016.
             Was an Elder of Lugonu.
             Annihilated by a hill giant
             ... wielding a +0 giant club
              (29 damage)
             ... in the Dungeon (Sprint IX: "|||||||||||||||||||||||||||||").
             The game lasted 00:01:59 (129 turns).

tyranidshit the Fighter (Demonspawn Abyssal Knight)  Turns: 129, Time: 00:02:00

Health: -23/91     AC:  9    Str: 19    XL:     6   Next: 48%
Magic:  0/12       EV: 13    Int: 16    God:    Lugonu [****..]
Gold:   0          SH:  0    Dex: 13    Spells: 0 memorised, 5 levels left

rFire  . . .     SeeInvis .     q - +8 demon blade "Bloodbane" {slice, *Rage +Rage Stlth-}
rCold  . . .     Gourm    .     n - +2 ring mail
rNeg   . . .     Faith    .     (no shield)
rPois  .         Spirit   +     (no helmet)
rElec  .         Dismiss  .     (no cloak)
rCorr  .         Reflect  .     (no gloves)
SustAt .         Harm     .     m - +0 pair of boots
MR     .....     Rnd*Rage +     (no amulet)
Stlth  .......... NoTele   +    o - +3 ring of intelligence
                                p - +2 ring of evasion

@: berserking (expiring), very quick, not resistant to hostile enchantments,
extremely unstealthy
A: hooves 2, magic shield
a: Bend Space, Banish, Corrupt, Renounce Religion, Evoke Berserk Rage


You were in the Dungeon.
You worshipped Lugonu.
Lugonu was greatly pleased with you.
You were not hungry.

You visited 1 branch

Inventory:

Hand Weapons
 a - a +1 hand axe
 q - the +8 demon blade "Bloodbane" (weapon) {slice, *Rage +Rage Stlth-}
   (You found it in the Dungeon)

   It inflicts extra damage upon your enemies.
   It lets you go berserk.
   It may make you go berserk in combat.
   It makes you less stealthy.
Armour
 b - a +0 leather armour
 m - a +0 pair of boots (worn)
 n - a +2 ring mail (worn)
Jewellery
 o - a +3 ring of intelligence (right hand)
 p - a +2 ring of evasion (left hand)
Wands
 l - a wand of iceblast (7/15)
Scrolls
 i - 2 scrolls of blinking
 j - 3 scrolls of remove curse
 k - 2 scrolls of amnesia
Potions
 d - 5 potions of curing
 e - 3 potions of heal wounds
 f - a potion of haste
 g - 4 potions of magic
 h - a potion of invisibility
Comestibles
 c - a bread ration


   Skills:
 + Level 10.3 Fighting
 - Level 1.7 Axes
 - Level 7.1 Armour
 - Level 0.8 Dodging
 + Level 8.7 Invocations


You had 5 spell levels left.
You didn't know any spells.

Dungeon Overview and Level Annotations

Branches:
Dungeon (1/1)

Altars:
Cheibriados
Dithmenos
Elyvilon
Fedhas
Gozag
Kikubaaqudgha
Makhleb
Nemelex Xobeh
Okawaru
Pakellas
Qazlal
Ru
Sif Muna
Trog
Vehumet
Xom
Yredelemnul
Zin
The Shining One
Beogh
Jiyva
Lugonu


Innate Abilities, Weirdness & Mutations

You have hoof-like feet.
When hurt, damage is shared between your health and your magic reserves.


Message History

Your base attributes are Str 13, Int 13, Dex 13.
Increase (S)trength, (I)ntelligence, or (D)exterity?
You feel stronger.
Unknown command.
You barely miss the hill giant.
The hill giant hits you with a giant club!!
* * * LOW HITPOINT WARNING * * *
You hit the hill giant.
The hill giant is lightly wounded.
The hill giant misses you.
You barely miss the hill giant.
The hill giant is lightly wounded.
You hit the hill giant.
The hill giant is moderately wounded.
The hill giant hits you with a giant club!!
* * * LOW HITPOINT WARNING * * *
You hit the hill giant.
The hill giant is moderately wounded.
The hill giant hits you with a giant club!!
You die...

▓.▓
▓.▓
▓|▓
▓)▓
▓[▓
▓.▓
▓.▓
▓.▓
▓@▓
▓C▓
▓Z▓
▓o▓
▓5▓
▓.▓
▓.▓
▓.▓


You could see a hill giant, a shadow imp, an orc and an adder skeleton.

Vanquished Creatures
  A yak (D)
  An ogre (D)
  2 centaurs (D)
  An ooze (D)
  A giant gecko (D)
  An orc (D)
  A kobold (D)
  A bat (D)
  2 giant newts (D)
  A jackal zombie (D)
12 creatures vanquished.

Notes
Turn   | Place    | Note
--------------------------------------------------------------
     0 | D        | tyranidshit the Demonspawn Abyssal Knight began the quest for the Orb.
     0 | D        | Reached XP level 1. HP: 18/18 MP: 2/2
     7 | D        | Reached ** piety under Lugonu
     7 | D        | Reached skill level 4 in Fighting
    12 | D        | Gained mutation: You have large cloven feet. [demonic ancestry]
    12 | D        | Reached XP level 2. HP: 22/25 MP: 3/3
    14 | D        | Reached *** piety under Lugonu
    21 | D        | Noticed a centaur
    21 | D        | Noticed a centaur
    27 | D        | Killed a centaur
    27 | D        | Reached skill level 6 in Fighting
    27 | D        | Reached skill level 5 in Armour
    27 | D        | Gained mutation: You have hoof-like feet. [demonic ancestry]
    27 | D        | Reached XP level 3. HP: 27/35 MP: 4/4
    27 | D        | Reached XP level 4. HP: 32/41 MP: 5/5
    31 | D        | Reached **** piety under Lugonu
    33 | D        | Killed a centaur
    33 | D        | Reached skill level 8 in Fighting
    33 | D        | Gained mutation: When hurt, damage is shared between your health and your magic reserves. [demonic ancestry]
    33 | D        | Reached XP level 5. HP: 34/49 MP: 6/6
    44 | D        | Found a glowing silver altar of Zin.
    44 | D        | Found a glowing golden altar of the Shining One.
    44 | D        | Found an ancient bone altar of Kikubaaqudgha.
    44 | D        | Found a basalt altar of Yredelemnul.
    44 | D        | Found a shimmering altar of Xom.
    44 | D        | Found a radiant altar of Vehumet.
    45 | D        | Found an iron altar of Okawaru.
    46 | D        | Found a burning altar of Makhleb.
    47 | D        | Found a deep blue altar of Sif Muna.
    48 | D        | Found a bloodstained altar of Trog.
    49 | D        | Found a sparkling altar of Nemelex Xobeh.
    50 | D        | Found a white marble altar of Elyvilon.
    51 | D        | Found a roughly hewn altar of Beogh.
    52 | D        | Found a viscous altar of Jiyva.
    53 | D        | Found a corrupted altar of Lugonu.
    54 | D        | Found a blossoming altar of Fedhas.
    55 | D        | Found a snail-covered altar of Cheibriados.
    56 | D        | Found a shadowy altar of Dithmenos.
    57 | D        | Found a stormy altar of Qazlal.
    58 | D        | Found an opulent altar of Gozag.
    59 | D        | Found a sacrificial altar of Ru.
    60 | D        | Found an oddly glowing altar of Pakellas.
   117 | D        | Noticed an ogre
   117 | D        | Noticed a yak
   117 | D        | Noticed a hill giant
   120 | D        | Killed an ogre
   120 | D        | Reached skill level 9 in Fighting
   120 | D        | Reached skill level 5 in Invocations
   124 | D        | Killed a yak
   124 | D        | Reached skill level 10 in Fighting
   124 | D        | Reached XP level 6. HP: 50/61 MP: 4/12
   129 | D        | Annihilated by a hill giant

Skill      XL: |  1  2  3  4  5 |
---------------+----------------+-----
Armour         | 3 5 7 |  7.1
Fighting       | 4 6 8 10 | 10.3
Invocations    | 8 |  8.7
Axes           | |  1.7
Dodging        | |  0.8

Action                   |  1- 3 |  4- 6 || total
-------------------------+-------+-------++-------
Melee: Hand axe          |    16 |     6 ||    22
       Kick              |     1 |     1 ||     2
       Demon blade       |       |    12 ||    12
  Use: Potion            |     1 |       ||     1
Armor: Leather armour    |     5 |       ||     5
       Ring mail         |       |     1 ||     1
Dodge: Dodged            |     3 |     5 ||     8
